 Dungeon Crawl Stone Soup version 0.30.1-9-gdf580d7c3d (webtiles) character file.

Game seed: 11615722028851405445

172 Atelerd the Digger (level 5, -6/31 HPs)
             Began as an Octopode Earth Elementalist on Sept 24, 2023.
             Mangled by a sleepcap (8 damage)
             ... on level 5 of the Dungeon.
             The game lasted 00:04:31 (2557 turns).

Atelerd the Digger (Octopode Earth Elementalist)    Turns: 2557, Time: 00:04:32

Health: -6/31      AC:  1    Str:  8    XL:     5   Next: 52%
Magic:  6/9        EV: 13    Int: 17    God:
Gold:   126        SH:  5    Dex: 14    Spells: 9/10 levels left

rFire   . . .        q - +1 dagger (holy)
rCold   . . .        (no shield)
rNeg    . . .        (helmet restricted)
rPois   .            r - amulet of reflection
rElec   .            (no ring)
rCorr   .            (no ring)
SInv    .            (no ring)
Will    .....        (no ring)
Stlth   +++          (no ring)
HPRegen 0.25/turn    (no ring)
MPRegen 0.11/turn    (no ring)
                     (no ring)

%: reflection
@: brilliant
A: almost no armour, amphibious, 8 rings, camouflage 1, gelatinous body 1,
(nimble swimmer 1), tentacles
a: no special abilities


You were on level 5 of the Dungeon.
You visited 2 branches of the dungeon, and saw 6 of its levels.

You collected 126 gold pieces.

Inventory:

Hand Weapons
 d - a +0 dagger
 q - a +1 dagger of holy wrath (weapon)
Missiles
 c - 2 atropa-tipped darts
 i - a throwing net
Jewellery
 r - an amulet of reflection (around mantle)
Scrolls
 b - a scroll of fear {unknown}
 e - a scroll of poison {unknown}
 h - 2 scrolls of silence {unknown}
 j - a scroll of enchant weapon {unknown}
 k - a scroll of amnesia {unknown}
 m - a scroll of identify {unknown}
 n - a scroll of noise {unknown}
 p - 2 scrolls of magic mapping {unknown}
 s - a scroll of brand weapon {unknown}
Potions
 a - a potion of magic
 f - a potion of haste {unknown}
 g - a potion of brilliance
 l - 2 potions of cancellation {unknown}
 o - a potion of might {unknown}


   Skills:
 - Level 2.0 Dodging
 - Level 2.6 Stealth
 + Level 3.3 Spellcasting
 - Level 3.0 Transmutations
 + Level 4.3 Earth Magic


You had 9 spell levels left.
You knew the following spells:

 Your Spells              Type           Power      Damage    Failure   Level
a - Sandblast             Erth           52%        2d12      3%          1

Your spell library contained the following spells:

 Spells                   Type           Power      Damage    Failure   Level
 Passwall                 Tmut/Erth      18%        N/A       6%          2
 Stone Arrow              Conj/Erth      30%        3d8       22%         3
 Lesser Beckoning         Tloc           8%         N/A       26%         2
 Petrify                  Tmut/Erth      22%        N/A       36%         4
 Gell's Gravitas          Tloc           4%         N/A       45%         3
 Teleport Other           Tloc           4%         N/A       45%         3


Dungeon Overview and Level Annotations

Branches:
Dungeon (6/15)             Temple (1/1) D:6

Altars:
Ashenzari
Cheibriados
Dithmenos
Elyvilon
Fedhas
Hepliaklqana
Kikubaaqudgha
Makhleb
Nemelex Xobeh
Okawaru
Qazlal
Ru
Trog
Uskayaw
Vehumet
Wu Jian
Xom
Yredelemnul
Zin

Shops:
D:1 ([!=

Annotations:
D:3 2 transporters, zen1337's ghost, amateur OpAE


Innate Abilities, Weirdness & Mutations

You cannot wear most types of armour.
You are amphibious.
You can wear up to eight rings at the same time.
Your skin changes colour to match your surroundings (Stealth+).
Your rubbery body absorbs attacks. (AC +1, EV +1)
((You are camouflaged when in or above water. (Stealth+)))
You have tentacles for arms and can constrict up to eight enemies at once.


Message History

Aiming: Sandblast (safe; 3% risk of failure)
Press: ? - help, Shift-Dir - straight line, f - sleepcap
Aim: a sleepcap (100% to hit)
The blast of sand hits the sleepcap!
The sleepcap is moderately damaged.
You block the sleepcap's attack. The sleepcap releases spores at you.
You are engulfed in a cloud of soporific spores!
You fall asleep.
The sleepcap releases spores at you!
You wake up.
Casting: Sandblast (safe; 3% risk of failure)
Confirm with . or Enter, or press ? or * to list all spells.
Aiming: Sandblast (safe; 3% risk of failure)
Press: ? - help, Shift-Dir - straight line, f/p - sleepcap
Aim: a sleepcap (moderately damaged, 100% to hit)
The blast of sand hits the sleepcap.
The sleepcap is moderately damaged.
The sleepcap completely misses you.
Unknown command.
Unknown command.
Casting: Sandblast (safe; 3% risk of failure)
Confirm with . or Enter, or press ? or * to list all spells.
Aiming: Sandblast (safe; 3% risk of failure)
Press: ? - help, Shift-Dir - straight line, f/p - sleepcap
Aim: a sleepcap (moderately damaged, 100% to hit)
The blast of sand hits the sleepcap but does no damage.
The sleepcap is moderately damaged.
The sleepcap closely misses you. The sleepcap releases spores at you.
You are engulfed in a cloud of soporific spores!
You fall asleep.
The sleepcap releases spores at you!
You wake up.
* * * LOW HITPOINT WARNING * * *
Okay, then.
Casting: Sandblast (safe; 3% risk of failure)
Confirm with . or Enter, or press ? or * to list all spells.
You don't know that spell.
You aren't carrying any items that you can evoke.
It was a potion of brilliance.
You feel clever all of a sudden. The sleepcap releases spores at you!
You die...

#.# #.# ..###
####+# #.#.. ....#
..#.# #..# ..#)#
#..##
#.#.#####...##
..(....#.....######
#.#.##.##...#...@.#
#.#.##.##..##.###f#
..#.#.........# ...
###........##.#
.### ########.##...
.# #.#### ### #.#
#.# .#


You could see a sleepcap.

Vanquished Creatures
  A hound (D:5)
  4 gnolls (D:2)
  An adder (D:2)
  4 worms (D:2)
  4 dart slugs
  An orc (D:5)
  4 ball pythons
  An endoplasm (D:1)
  5 giant cockroaches
  10 goblins
  7 hobgoblins
  2 jackals (D:1)
  5 quokkas (D:1)
  4 bats
  7 frilled lizards
  7 kobolds
  5 rats
72 creatures vanquished.

Notes
Turn   | Place    | Note
-------+----------+-------------------------------------------
     0 | D:1      | Atelerd the Octopode Earth Elementalist began the quest for
                  | the Orb.
     0 | D:1      | Reached XP level 1. HP: 11/11 MP: 3/3
    33 | D:1      | Found Xuuloh's Jewellery Emporium.
   148 | D:1      | Found Ruiblem's Distillery.
   155 | D:1      | Reached XP level 2. HP: 16/17 MP: 0/5
   225 | D:1      | Found Tetef's Antique Armour Boutique.
   354 | D:1      | Found Loul Tag's Antique Weapon Shop.
   488 | D:1      | Reached XP level 3. HP: 21/21 MP: 4/6
  1291 | D:2      | Reached XP level 4. HP: 17/27 MP: 0/8
  1835 | D:2      | Reached skill level 4 in Earth Magic
  1835 | D:2      | Reached XP level 5. HP: 31/31 MP: 5/9
  2291 | D:3      | Found a transporter.
  2329 | D:3      | Found a transporter.
  2331 | D:3      | Noticed zen1337's ghost (amateur OpAE)
  2360 | D:3      | Found a faded altar of an unknown god.
  2374 | D:3      | You fall into a shaft and drop 3 floors!
  2374 | D:6      | Found a staircase to the Ecumenical Temple.
  2386 | Temple   | Entered the Ecumenical Temple
  2386 | Temple   | Found a transporter.
  2386 | Temple   | Found a transporter.
  2388 | Temple   | Found a transporter.
  2388 | Temple   | Found a transporter.
  2461 | D:5      | Entered Level 5 of the Dungeon
  2557 | D:5      | Mangled by a sleepcap

Illustrated notes

Levels and vault maps discovered:
D:1:      heliophobic_arrival_ceremonial_halls, layout_basic, serial_shops,
          nicolae_shop_stone, shop, nicolae_shop_crystal, shop, st_stairs_1,
          minmay_curled_crystal
D:2:      layout_rooms, chequers_serial_rivers_micro_b
D:3:      layout_basic, hellmonk_ecumenical_altar_lost_god,
          gammafunk_ghost_mausoleum, minivault_19, minmay_goblin_outpost,
          uniq_crazy_yiuf_cottage
D:5:      layout_loops_corners, gammafunk_ghost_cemetery, feat_on_display
D:6:      nicolae_cairo_tiling, layout_layer_cave,
          minmay_temple_entry_mini_moons, grunt_decor_clamped,
          eino_small_chamber_without_monster
Temple:   hellmonk_temple_divided_pantheon

Skill      XL: |  1  2  3  4  5 |
---------------+----------------+-----
Transmutations | 2 3 |  3.0
Spellcasting   | 3 |  3.3
Earth Magic    | 4 |  4.3
Dodging        | |  2.0
Stealth        | |  2.6

Action                     |  1- 3 |  4- 6 || total
---------------------------+-------+-------++-------
  Melee: Unarmed           |     8 |       ||     8
         Constrict         |     5 |     9 ||    14
         Dagger            |     6 |    24 ||    30
         Tentacles         |     5 |     8 ||    13
   Cast: Sandblast         |    48 |    43 ||    91
    Use: Potion            |       |     3 ||     3
   Stab: Sleeping          |     1 |       ||     1
 Armour: Skin              |     3 |     2 ||     5
  Dodge: Dodged            |    15 |    27 ||    42
  Block: Other             |       |     2 ||     2
